 Dungeon Crawl Stone Soup version 0.18-b1-18-g7758cf2 (webtiles) character file.

9565 Chiseanne the Fighter (level 11, -10/90 HPs)
             Began as a Demonspawn Wizard on May 2, 2016.
             Was an Initiate of Gozag.
             Mangled by an earth elemental (33 damage)
             ... in a labyrinth.
             The game lasted 00:36:16 (10237 turns).

Chiseanne the Fighter (Demonspawn Wizard)          Turns: 10237, Time: 00:36:17

Health: -10/90     AC: 11    Str:  8    XL:     11   Next: 24%
Magic:  18/27      EV: 14    Int: 25    God:    Gozag
Gold:   1581       SH:  0    Dex: 13    Spells: 7 memorised, 3 levels left

rFire  . . .     SeeInvis .     a - +8 dagger of the Solstice {pierce, +Inv rPois Int+4}
rCold  + . .     Gourm    .     h - +1 ring mail {rC+}
rNeg   . . .     Faith    .     (no shield)
rPois  +         Spirit   .     b - +0 hat
rElec  .         Dismiss  .     (no cloak)
rCorr  .         Reflect  .     (no gloves)
SustAt .         Harm     .     A - +0 pair of boots
MR     .....                    v - amulet of regeneration
Stlth  +++.......               L - ring of magical power
                                t - ring of wizardry

@: very slightly contaminated, not resistant to hostile enchantments, fairly
stealthy
A: claws 2, yellow scales 1, nightstalker 2, spiny 1
a: Potion Petition, Call Merchant, Bribe Branch, Renounce Religion, Evoke
Invisibility


You were in a labyrinth.
You worshipped Gozag.
Gozag was noncommittal.
You were not hungry.

You visited 2 branches of the dungeon, and saw 11 of its levels.
You also visited: Labyrinth.

You collected 1993 gold pieces.
You spent 390 gold pieces at shops.
You paid 22 gold pieces to Gozag.

Inventory:

Hand Weapons
 a - the +8 dagger of the Solstice (weapon) {pierce, +Inv rPois Int+4}
   (You found it on level 4 of the Dungeon)

   It inflicts extra damage upon your enemies.
   It affects your intelligence (+4).
   It protects you from poison.
   It lets you turn invisible.
 s - a +3 hand axe of venom
Missiles
 e - 126 bolts
 j - 6 tomahawks (quivered)
 o - 123 stones
 w - 17 poisoned needles
 x - 5 javelins
 E - 198 arrows
 F - 42 sling bullets
 H - a throwing net
Armour
 b - a +0 hat (worn)
 h - a +1 ring mail of cold resistance (worn)
 A - a +0 pair of boots (worn)
Jewellery
 d - an uncursed amulet of guardian spirit {unknown}
 l - an uncursed ring of protection from cold
 n - a +2 amulet of reflection {unknown}
 t - a ring of wizardry (left claw)
 v - an amulet of regeneration (around neck)
 B - an uncursed ring of flight
 L - a ring of magical power (right claw)
Wands
 k - a wand of paralysis (0/24)
 p - a wand of flame (11/48)
 u - a wand of lightning (9/15)
 y - a wand of lightning (6/15)
 G - a wand of confusion (20/48)
 N - a wand of digging (19/24)
Scrolls
 M - a scroll of teleportation
Potions
 f - 5 potions of curing
 g - 3 potions of might
 m - a potion of invisibility {unknown}
 r - a potion of brilliance
 z - a potion of cure mutation
 I - 2 potions of heal wounds {unknown}
 K - a potion of haste {unknown}
Books
 c - a book of Minor Magic

   Spells                             Type                      Level
   a - Magic Dart                     Conjuration                  1
   b - Blink                          Translocation                2
   c - Call Imp                       Summoning                    2
   d - Repel Missiles                 Charms/Air                   2
   e - Slow                           Hexes                        2
   f - Conjure Flame                  Conjuration/Fire             3
   g - Mephitic Cloud                 Conjuration/Poison/Air       3
 q - a book of Envenomations

   Spells                             Type                      Level
   a - Spider Form                    Transmutation/Poison         3
   b - Olgreb's Toxic Radiance        Poison                       4
   c - Alistair's Intoxication        Transmutation/Poison         5
   d - Poisonous Cloud                Conjuration/Poison/Air       6
 D - a book of Callings

   Spells                             Type                      Level
   a - Summon Small Mammal            Summoning                    1
   b - Call Imp                       Summoning                    2
   c - Call Canine Familiar           Summoning                    3
   d - Summon Guardian Golem          Hexes/Summoning              3
   e - Summon Lightning Spire         Summoning/Air                4
   f - Summon Ice Beast               Ice/Summoning                4
Comestibles
 i - 9 meat rations
 C - 6 royal jellies
 J - 2 bread rations


   Skills:
 * Level 9.7 Fighting
 * Level 8.5 Armour
 * Level 9.1 Dodging
 - Level 1.7 Stealth
 - Level 5.0 Spellcasting
 - Level 4.4 Conjurations
 - Level 1.0 Summonings
 - Level 0.8 Translocations


You had 3 spell levels left.
You knew the following spells:

 Your Spells              Type           Power        Failure   Level  Hunger
a - Magic Dart            Conj           ####         1%          1    None
b - Blink                 Tloc           N/A          10%         2    None
c - Repel Missiles        Chrm/Air       #.....       14%         2    None
d - Mephitic Cloud        Conj/Pois/Air  ##......     16%         3    ##.....
e - Conjure Flame         Conj/Fire      ###.....     12%         3    ##.....
f - Call Canine Familiar  Summ           ##......     21%         3    ##.....
g - Summon Guardian Gole  Hex/Summ       #.......     28%         3    ##.....


Dungeon Overview and Level Annotations

Branches:
Dungeon (11/15)            Temple (1/1) D:4
   Lair: D:8-11         Orc: D:9-12

Altars:
Ashenzari
Cheibriados
Dithmenos
Elyvilon
Gozag
Makhleb
Nemelex Xobeh
Pakellas
Qazlal
Ru
Sif Muna
Trog
Vehumet
Xom
Yredelemnul
The Shining One

Shops:
D:4 =


Innate Abilities, Weirdness & Mutations

You have very sharp fingernails.
You are partially covered in yellow scales (AC +2).
You are significantly more attuned to the shadows.
You are partially covered in sharp spines.


Message History

The earth elemental hits you but does no damage.
You hit the earth elemental but do no damage.
The earth elemental is moderately damaged.
The earth elemental hits you!
You hit the earth elemental but do no damage.
The earth elemental is moderately damaged.
You hit the earth elemental but do no damage.
The earth elemental is moderately damaged.
The earth elemental hits you!!
You hit the earth elemental but do no damage.
The earth elemental is moderately damaged.
Your ring mail prevents you from hitting the earth elemental.
The earth elemental is moderately damaged.
The earth elemental hits you!!
* * * LOW HITPOINT WARNING * * *
You hit the earth elemental but do no damage.
The earth elemental is moderately damaged.
The earth elemental hits you!!
You die...
Your body crumbles into a pile of gold.

# # ## #
. # # #
# # .. #
# # #
#####.#
#.....#
#@# # #
#E#
#.#.#
#...#
#8.8. #
▓..... #
▓8)#?8##
.. ...
▓#8.8###


You could see an earth elemental.

Vanquished Creatures
  An unseen horror (D:10)
  2 griffons (D:8)
  2 trolls (D:9)
  2 polar bears (D:8)
  2 two-headed ogres
  Sigmund (D:4)
  10 yaks
  3 hippogriffs
  3 hungry ghosts
  Menkaure (D:7)
  2 water moccasins
  3 ice beasts
  2 sky beasts
  6 black bears (D:8)
  4 orc warriors
  4 ogres
  A phantom (D:10)
  An eye of draining (D:8)
  A centaur (D:9)
  A wolf (D:8)
  A crocodile (D:8)
  8 giant frogs
  2 scorpions
  5 killer bees (D:10)
  3 wights (D:10)
  2 howler monkeys
  An electric eel (D:10)
  3 crimson imps
  A giant frog zombie (D:7)
  A quasit (D:9)
  3 jellies (D:9)
  4 orc priests
  7 hounds
  9 orc wizards
  A giant frog skeleton (D:10)
  3 iguanas
  4 worker ants
  A sheep (D:8)
  3 killer bee zombies
  A hound zombie (D:9)
  A hound skeleton (D:4)
  11 adders
  2 shadow imps
  5 oozes (D:9)
  3 adder skeletons
  3 worms
  2 dart slugs
  8 giant geckos
  18 orcs
  2 ball pythons (D:1)
  5 giant cockroaches
  9 goblins
  7 hobgoblins
  5 jackals
  3 quokkas
  A ball python zombie (D:5)
  9 bats
  A giant gecko skeleton (D:9)
  16 giant newts
  6 kobolds
  8 rats
240 creatures vanquished.

Vanquished Creatures (collateral kills)
  A killer bee (D:10)
1 creature vanquished.

Grand Total: 241 creatures vanquished

Notes
Turn   | Place    | Note
--------------------------------------------------------------
     0 | D:1      | Chiseanne the Demonspawn Wizard began the quest for the Orb.
     0 | D:1      | Reached XP level 1. HP: 13/13 MP: 4/4
   240 | D:1      | Gained mutation: You are partially covered in yellow scales (AC +2). [demonic ancestry]
   240 | D:1      | Reached XP level 2. HP: 15/19 MP: 0/6
   348 | D:1      | Learned a level 2 spell: Blink
   351 | D:1      | Learned a level 2 spell: Repel Missiles
   932 | D:1      | Gained mutation: You are partially covered in sharp spines. [demonic ancestry]
   932 | D:1      | Reached XP level 3. HP: 24/24 MP: 2/8
  1285 | D:2      | Found a bloodstained altar of Trog.
  1400 | D:2      | Found an opulent altar of Gozag.
  1407 | D:2      | Became a worshipper of Gozag Ym Sagoz the Greedy
  2178 | D:3      | Reached XP level 4. HP: 28/30 MP: 9/9
  2339 | D:3      | Learned a level 3 spell: Mephitic Cloud
  2442 | D:3      | HP: 1/30 [orc priest/nerve-wracking pain (13)]
  2463 | D:3      | Reached skill level 1 in Armour
  2463 | D:3      | Gained mutation: You are slightly more attuned to the shadows. [demonic ancestry]
  2463 | D:3      | Reached XP level 5. HP: 35/35 MP: 2/11
  3269 | D:4      | Reached XP level 6. HP: 31/41 MP: 11/13
  3632 | D:4      | Reached skill level 5 in Spellcasting
  3847 | D:4      | Found a staircase to the Ecumenical Temple.
  3866 | D:4      | Found Asecs's Jewellery Emporium.
  3881 | Temple   | Entered the Ecumenical Temple
  4125 | D:4      | Bought an uncursed amulet of regeneration for 390 gold pieces
  4249 | D:4      | Learned a level 3 spell: Conjure Flame
  4328 | D:4      | Found a white marble altar of Elyvilon.
  4331 | D:4      | Noticed a hungry ghost
  4345 | D:4      | Killed a hungry ghost
  4345 | D:4      | Reached skill level 1 in Fighting
  4345 | D:4      | Gained mutation: You have sharp fingernails. [demonic ancestry]
  4345 | D:4      | Reached XP level 7. HP: 48/48 MP: 10/14
  4497 | D:4      | Noticed Sigmund
  4506 | D:4      | Killed Sigmund
  4511 | D:4      | Got a smoking dagger
  5114 | D:4      | Found a deep blue altar of Sif Muna.
  5153 | D:5      | Entered Level 5 of the Dungeon
  5153 | D:5      | Noticed a hungry ghost
  5162 | D:5      | Killed a hungry ghost
  5282 | D:5      | Gained mutation: You have very sharp fingernails. [demonic ancestry]
  5282 | D:5      | Reached XP level 8. HP: 46/60 MP: 15/15
  5349 | D:5      | Found a shimmering altar of Xom.
  5349 | D:5      | Found a shimmering altar of Xom.
  5349 | D:5      | Found a shimmering altar of Xom.
  5350 | D:5      | Found a shimmering altar of Xom.
  5350 | D:5      | Found a shimmering altar of Xom.
  5356 | D:5      | Found a shimmering altar of Xom.
  5730 | D:5      | You fall through a shaft for 3 floors!
  5837 | D:7      | Reached skill level 5 in Fighting
  5916 | D:7      | Learned a level 3 spell: Call Canine Familiar
  5920 | D:7      | Learned a level 3 spell: Summon Guardian Golem
  6144 | D:7      | Reached skill level 5 in Dodging
  6156 | D:7      | Noticed Menkaure
  6161 | D:7      | Killed Menkaure
  6319 | D:7      | Identified the +8 dagger of the Solstice {pierce, +Inv rPois Int+4} (You found it on level 4 of the Dungeon)
  6725 | D:8      | Reached XP level 9. HP: 46/69 MP: 16/16
  6888 | D:8      | Found a huge runed gate.
  6889 | D:8      | Found a huge runed gate.
  6890 | D:8      | Found a huge runed gate.
  6891 | D:8      | Noticed a griffon
  6891 | D:8      | Found a huge runed gate.
  6891 | D:8      | Noticed a griffon
  6892 | D:8      | Noticed a polar bear
  6892 | D:8      | Noticed a polar bear
  6892 | D:8      | Reached skill level 5 in Armour
  6893 | D:8      | Noticed a polar bear
  7518 | D:8      | Killed a polar bear
  7551 | D:8      | Killed a griffon
  7558 | D:8      | Killed a polar bear
  7558 | D:8      | Reached XP level 10. HP: 79/80 MP: 3/17
  7643 | D:8      | Killed a griffon
  8756 | D:10     | Entered Level 10 of the Dungeon
  9400 | D:10     | Gained mutation: You are significantly more attuned to the shadows. [demonic ancestry]
  9400 | D:10     | Reached XP level 11. HP: 79/89 MP: 18/18
  9620 | D:10     | Killed an unseen horror
 10068 | D:11     | Found a labyrinth entrance.
 10089 | Lab      | Entered a labyrinth
 10237 | Lab      | Mangled by an earth elemental

Skill      XL: |  1  2  3  4  5  6  7  8  9 10 11 |
---------------+----------------------------------+-----
Conjurations   | 2 3 4 |  4.4
Spellcasting   | 4 5 |  5.0
Armour         | 1 2 3 4 6 8 |  8.5
Fighting       | 1 3 5 7 9 |  9.7
Dodging        | 2 3 5 7 8 9 |  9.1
Stealth        | |  1.7
Summonings     | |  1.0
Translocations | |  0.8

Action                   |  1- 3 |  4- 6 |  7- 9 | 10-12 || total
-------------------------+-------+-------+-------+-------++-------
Melee: Spear             |    56 |    84 |       |       ||   140
       Dagger            |       |    13 |   180 |   228 ||   421
Throw: Tomahawk          |       |       |     1 |     1 ||     2
 Cast: Magic Dart        |    53 |    58 |    21 |    53 ||   185
       Repel Missiles    |     1 |       |     1 |       ||     2
       Mephitic Cloud    |       |     1 |     5 |    13 ||    19
       Conjure Flame     |       |       |     5 |     7 ||    12
       Blink             |       |       |     3 |     2 ||     5
Evoke: Wand              |       |       |    10 |     3 ||    13
  Use: Scroll            |     9 |     7 |     5 |     5 ||    26
       Potion            |       |     1 |     5 |       ||     6
 Stab: Sleeping          |     4 |     4 |    10 |     8 ||    26
       Confused          |       |       |     4 |     3 ||     7
       Paralysed         |       |       |       |     9 ||     9
       Distracted        |       |       |       |     1 ||     1
  Eat: Bread ration      |     1 |     1 |     2 |       ||     4
       Royal jelly       |     1 |       |     1 |     5 ||     7
       Chunk             |     1 |       |       |       ||     1
       Beef jerky        |       |     2 |       |       ||     2
       Meat ration       |       |       |     1 |       ||     1
Armor: Robe              |    11 |       |       |       ||    11
       Leather armour    |     1 |    19 |    13 |       ||    33
       Ring mail         |       |       |    27 |    85 ||   112
       Skin              |       |       |    28 |     7 ||    35
Dodge: Dodged            |    35 |    32 |    91 |   130 ||   288
       Deflected         |     1 |       |     1 |     1 ||     3
